Map: [ESL] Site Delta

Players

Classic - Winner!

  • Race: Protoss Protoss
  • Spawn Location: 5:00

Cure

  • Race: Terran Terran
  • Spawn Location: 11:00

Event: ESL Spring 2024 Finals

VOD

Have the link to the VOD?

Description

Time

  • Played on: June 1, 2024, 1:46 p.m.
  • Length: 4:40

All games in this series

Show
View Real Time Build Order
Export as new Build Order

Classic Protoss - Winner!

Build Orders: Proxy Void Ray 

Get SALT Encoding   

  12  0:00  Probe  
  13  0:15  Pylon  
  13  0:17  Probe  
  14  0:31  Probe  
  14  0:34  Gateway  
  15  0:43  Probe  
  15  0:45  Assimilator  
  16  0:55  Probe  
  17  0:57  Assimilator  
  17  1:08  Probe  
  18  1:20  Cybernetics Core, Probe  
  18  1:21  Zealot  
  21  1:32  Probe  
  22  1:39  Pylon  
  22  1:44  Probe  
  23  1:54  Stalker (Chrono Boost)  
  23  1:59  Stargate  
  23  2:01  Probe  
  26  2:06  Warp Gate  
  26  2:17  Stalker  
  26  2:22  Pylon  
  32  2:44  Probe  
  32  2:46  Void Ray (Chrono Boost)  
  32  2:49  Pylon  
  35  3:08  Shield Battery  
  37  3:15  Void Ray (Chrono Boost)  
  37  3:22  Shield Battery  
  37  3:25  Shield Battery  
  37  3:28  Shield Battery  
  37  3:45  Void Ray (Chrono Boost)  
  39  3:48  Shield Battery  
  39  3:58  Stalker  
  39  4:10  Pylon  
  41  4:32  Stalker  
  41  4:34  Shield Battery  
Show
View Real Time Build Order
Export as new Build Order

Cure Terran 

Build Orders: Cyclone Opening 

Get SALT Encoding   

  12  0:00  SCV  
  13  0:12  SCV  
  14  0:17  Supply Depot  
  14  0:24  SCV  
  15  0:38  SCV  
  15  0:39  Barracks  
  15  0:42  Refinery  
  16  0:50  SCV  
  17  1:02  SCV  
  18  1:14  SCV  
  19  1:26  Orbital Command  
  20  1:34  Command Center  
  20  1:37  Marine  
  20  1:50  Factory  
  20  1:52  SCV  
  21  1:59  Refinery  
  21  2:02  Barracks Reactor  
  21  2:04  SCV  
  22  2:09  Supply Depot  
  22  2:16  SCV  
  23  2:25  Command Center  
  23  2:30  SCV  
  23  2:34  Cyclone  
  26  2:37  Marine  
  26  2:38  Marine  
  26  2:40  Bunker  
  28  2:45  Supply Depot  
  28  2:53  SCV  
  28  2:55  Marine x2  
  31  3:07  Cyclone  
  33  3:13  Starport  
  33  3:18  Marine x2  
  35  3:37  Supply Depot  
  35  3:39  Marine x2  
  37  3:45  Orbital Command  
  37  3:53  Widow Mine  
  37  3:55  Viking  
  37  3:57  Marine  
  37  4:00  Marine  
  35  4:15  Marine  
  35  4:17  Marine  
Tags
 
Add a new tag
Caveats
  • Supply blocks, unpowered buildings, or Contaminate may cause inaccurate times.
  • Supply counts are checked every 10 seconds.